 Dungeon Crawl Stone Soup version 0.28.0-43-g3370ac3207 (webtiles) character file.

Game seed: 14249390801592330915

106 Zeld the Gusty (level 4, -4/24 HPs)
             Began as a Tengu Air Elementalist on Apr 1, 2022.
             Slain by a gnoll
             ... wielding a +0 spear
              (10 damage)
             ... on level 2 of the Dungeon.
             The game lasted 00:05:03 (2442 turns).

Zeld the Gusty (Tengu Air Elementalist)             Turns: 2442, Time: 00:05:04

Health: -4/24      AC:  2    Str:  8    XL:     4   Next: 84%
Magic:  18/18      EV: 12    Int: 18    God:
Gold:   59         SH:  0    Dex: 11    Spells: 2/8 levels left

rFire   . . .      SeeInvis .   a - +3 dagger of the Living Dead {protect, Will+ MP+9 Dex-3}
rCold   . . .      Faith    .   (no shield)
rNeg    . . .      Spirit   .   h - +0 robe
rPois   .          Reflect  .   (helmet restricted)
rElec   .          Harm     .   (no cloak)
rCorr   .          Rampage  .   (no gloves)
Will    +....                   (boots unavailable)
Stlth   ++........              (no amulet)
HPRegen 0.08/turn               (no ring)
MPRegen 0.16/turn               (no ring)

@: no status effects
A: beak, talons 3
a: no special abilities


You were on level 2 of the Dungeon.
You visited 1 branch of the dungeon, and saw 2 of its levels.

You collected 59 gold pieces.

Inventory:

Hand Weapons
 a - the +3 dagger of the Living Dead (weapon) {protect, Will+ MP+9 Dex-3}
   (You found it on level 2 of the Dungeon)

   It grants its wielder temporary protection when it strikes (+7 to AC).
   Dex:       It affects your dexterity (-3).
   MP:        It affects your magic capacity (+9).
   Will:      It increases your willpower.
Armour
 h - a +0 robe (worn)
Wands
 e - a wand of polymorph (2)
Scrolls
 d - a scroll of brand weapon {unknown}
 f - 4 scrolls of identify {unknown}
 g - a scroll of teleportation {unknown}
 i - a scroll of enchant weapon {unknown}
Potions
 b - a potion of haste {unknown}
 c - a potion of heal wounds {unknown}


   Skills:
 + Level 2.7 Dodging
 + Level 2.8 Stealth
 * Level 2.9 Spellcasting
 + Level 2.3 Conjurations
 * Level 5.1 Air Magic


You had 2 spell levels left.
You knew the following spells:

 Your Spells              Type           Power      Damage    Failure   Level
a - Shock                 Conj/Air       64%        1d7       3%          1
b - Static Discharge      Conj/Air       16%        N/A       5%          2
c - Swiftness             Air            21%        N/A       6%          3

Your spell library contained the following spells:

 Spells                   Type           Power      Damage    Failure   Level
 Animate Skeleton         Necr           4%         N/A       17%         1
 Apportation              Tloc           4%         N/A       17%         1
 Summon Small Mammal      Summ           8%         N/A       17%         1
 Airstrike                Air            10%        N/A       21%         4


Dungeon Overview and Level Annotations

Branches:
Dungeon (2/15)

Altars:

Annotations:
D:2 Sigmund


Innate Abilities, Weirdness & Mutations

You have a beak for a mouth.
You have claws for feet.


Message History

You barely miss the frilled lizard. You claw the frilled lizard.
You kill the frilled lizard!
You see here a frilled lizard corpse.
No target in view!
i - a scroll labelled GIGOER CEMAER
Found a stone staircase leading down.
You now have 59 gold pieces (gained 9).
The adder hisses angrily.
You hear a shout!
An adder is nearby!
Sigmund the Dreaded comes into view.
He is wielding a +0 scythe and wearing a +2 robe of fire resistance.
Sigmund mumbles some strange words.
Sigmund flickers and vanishes!
Deactivating autopickup; reactivate with Ctrl-A.
The adder bites you.
You are poisoned.
The adder poisons you!
You hit the adder but do no damage.
Your weapon exudes an aura of protection.
You claw the adder. You peck the adder.
The adder is heavily wounded.
You feel sick. The adder barely misses you.
You hit the adder. Your kick misses the adder.
The adder is almost dead.
You feel sick. The adder barely misses you. x2
You feel sick.
You hit the adder but do no damage. Your kick misses the adder.
You peck the adder.
The adder is almost dead.
You feel sick. The adder closely misses you.
You feel sick. The adder barely misses you.
You hit the adder.
You kill the adder!
You feel sick.
A magic dart appears from out of thin air!
The magic dart hits you!
* * * LOW HITPOINT WARNING * * *
You feel sick.
You are no longer poisoned.
The gnoll hits you from afar with a +0 spear!
You die...

#.##.# ###.###.##..#
#.#...... ..# #
#.(...###.## #.#......
.### ####..# #..#
#.#...... .# #. #####..#
##.#####.##..... .#
#.####......#
#..##.)........ .#
#...#..###.##
##.##....###### .###
#...## #.# ##.....### #
...####..# #.#####{....##
#
#.......#####...@.g..#.##
#
#..####....###..####.#.##
#### #..#
####.####......#..#
####... ...#
#......#....#####.#
#...... .#.#
#........##.# #.# #.#.###
##.# #......###### #.. ..
# .# #....).# #..... #
######## #.#.. # ..##.# #


You could see a gnoll.

Vanquished Creatures
  Robin (D:1)
  2 adders (D:2)
  3 gnolls (D:2)
  A worm (D:2)
  A dart slug (D:1)
  An endoplasm (D:1)
  2 giant cockroaches (D:1)
  14 goblins
  7 hobgoblins
  3 kobolds
  A quokka (D:1)
  A ball python (D:1)
  A bat (D:1)
  2 frilled lizards (D:2)
  4 rats
44 creatures vanquished.

Notes
Turn   | Place    | Note
-------+----------+-------------------------------------------
     0 | D:1      | Zeld the Tengu Air Elementalist began the quest for the
                  | Orb.
     0 | D:1      | Reached XP level 1. HP: 10/10 MP: 4/4
   113 | D:1      | Reached XP level 2. HP: 15/15 MP: 1/6
  1159 | D:2      | Noticed Robin
  1161 | D:2      | Reached XP level 3. HP: 19/19 MP: 5/7
  1172 | D:1      | Killed Robin
  1200 | D:1      | Learned a level 2 spell: Static Discharge
  1204 | D:1      | Learned a level 3 spell: Swiftness
  1350 | D:2      | Reached XP level 4. HP: 24/24 MP: 5/9
  2204 | D:2      | Reached skill level 5 in Air Magic
  2300 | D:2      | Identified the +3 dagger of the Living Dead {protect, Will+
                  | MP+9 Dex-3}
  2428 | D:2      | Noticed Sigmund
  2442 | D:2      | Slain by a gnoll

Illustrated notes

Levels and vault maps discovered:
D:1:      kennysheep_arrival_seaside, layout_loops_cross
D:2:      layout_rooms, uniq_robin, uniq_sigmund

Skill      XL: |  1  2  3  4 |
---------------+-------------+-----
Conjurations   | 2 |  2.3
Air Magic      | 5 |  5.1
Dodging        | |  2.7
Stealth        | |  2.8
Spellcasting   | |  2.9

Action                   |  1- 3 |  4- 6 || total
-------------------------+-------+-------++-------
Melee: Unarmed           |     5 |     7 ||    12
       Peck              |     2 |     3 ||     5
       Kick              |     1 |     4 ||     5
       Dagger            |       |     5 ||     5
 Cast: Shock             |    48 |    25 ||    73
Armor: Robe              |     2 |       ||     2
Dodge: Dodged            |    18 |    11 ||    29
